 Dungeon Crawl Stone Soup version 0.21.1-1-g345015f (webtiles) character file.

612352 Inarius the Middleweight Champion (level 27, -8/240 HPs)
             Began as a Ghoul Gladiator on Feb 23, 2018.
             Was the Champion of Dithmenos.
             Mangled by a bone dragon (16 damage)
             ... on level 5 of the Abyss on Feb 26, 2018.
             The game lasted 04:19:01 (70088 turns).

Inarius the Middleweight Champion (GhGl)           Turns: 70088, Time: 04:19:01

Health: -8/240     AC: 25    Str: 35    XL:     27
Magic:  28/28      EV: 28    Int: -9 (5) God:    Dithmenos [******]
Gold:   5209       SH: 31    Dex: 25    Spells: 24/26 levels left

rFire    + + .     SeeInvis .     - Unarmed
rCold    + + +     Gourm    .   f - +0 large shield
rNeg     + + +     Faith    .   O - +5 faerie dragon scales {*Corrode +Blink rC+++ rCorr Dex+6}
rPois    ∞         Spirit   .   I - +2 helmet
rElec    +         Reflect  +   z - +3 cloak "Yhafaf" {rN+ Slay+3}
rCorr    +         Harm     .   (no gloves)
MR       ++...                  J - +2 pair of boots
Stlth    ++++++++++             m - +5 amulet of reflection
HPRegen  0.00/turn              B - ring of Moral Flaws {rElec rF+ rC+ rN+ Dex+4}
MPRegen  0.21/turn              W - ring "Finatz" {+Fly rPois rC+ Str+7 Dex+4}

@: resistant, very slightly contaminated, rotting, hasted and slowed, lost
intelligence, wreathed by umbra, studying Long Blades, invisible
A: rotting body, claws 1, carnivore, cold resistance 1, negative energy
resistance 3, inhibited regeneration, torment resistance, unbreathing
}: 3/15 runes: decaying, serpentine, silver
a: Shadow Step, Shadow Form, Renounce Religion, Evoke Blink, Evoke Flight


You were on level 5 of the Abyss.
You worshipped Dithmenos.
Dithmenos was exalted by your worship.
You were not hungry.

You visited 12 branches of the dungeon, and saw 54 of its levels.
You visited the Abyss 1 time.
You also visited: Volcano.

You collected 7492 gold pieces.
You spent 2283 gold pieces at shops.

Inventory:

Missiles
 c - 6 throwing nets (quivered)
Armour
 a - +0 shadow dragon scales
 b - a +2 shield
 f - a +0 large shield (worn)
 g - +3 storm dragon scales {Bai Suzhen}
 z - the +3 cloak "Yhafaf" (worn) {rN+ Slay+3}
   (You acquired it on level 4 of the Swamp)

   It affects your accuracy and damage with ranged weapons and melee attacks
   (+3).
   It protects you from negative energy.
 I - a +2 helmet (worn)
 J - a +2 pair of boots (worn)
 L - +0 fire dragon scales
 O - the +5 faerie dragon scales (worn) {*Corrode +Blink rC+++ rCorr Dex+6}
   (You took it off the Enchantress on level 3 of the Depths)

   It affects your dexterity (+6).
   It renders you almost immune to cold.
   It lets you blink.
   It protects you from acid and corrosion.
   It may corrode you when you take damage.
Jewellery
 e - the ring of Descent {+Blink rN+ Str-4 Dex+3 Stlth+}
   (You found it on level 3 of the Crypt)

   [ring of positive energy]

   It affects your strength (-4).
   It affects your dexterity (+3).
   It protects you from negative energy.
   It lets you blink.
   It makes you more stealthy.
 m - a +5 amulet of reflection (around neck)
 A - an uncursed ring of stealth
 B - the ring of Moral Flaws (left claw) {rElec rF+ rC+ rN+ Dex+4}
   (You found it on level 3 of the Crypt)

   [ring of positive energy]

   It affects your dexterity (+4).
   It protects you from fire.
   It protects you from cold.
   It insulates you from electricity.
   It protects you from negative energy.
 C - the amulet of Pygrigu {Spirit rC+ Dex+3}
   (You found it on level 3 of the Crypt)

   [amulet of guardian spirit]

   It causes incoming damage to be split between your health and magic.
   It affects your dexterity (+3).
   It protects you from cold.
 F - a +4 ring of protection
 G - an uncursed amulet of regeneration
 P - the ring of Robustness {AC+8}
   (You found it on level 4 of the Depths)

   [ring of protection]

   It affects your AC (+8).
 R - the ring "Idgheipips" {+Fly rN+ MR+ Int-2 SInv}
   (You found it on level 3 of the Crypt)

   [ring of positive energy]

   It affects your intelligence (-2).
   It protects you from negative energy.
   It affects your resistance to hostile enchantments.
   It lets you see invisible.
   It lets you fly.
 U - the ring "Bysitte" {rF- MP+9 EV+2 Dex+2 SInv}
   (You took it off a frost giant on level 3 of the Depths)

   [ring of evasion]

   It affects your evasion (+2).
   It affects your dexterity (+2).
   It makes you vulnerable to fire.
   It affects your magic capacity (+9).
   It lets you see invisible.
 W - the ring "Finatz" (right claw) {+Fly rPois rC+ Str+7 Dex+4}
   (You took it off a deep elf sorcerer on level 3 of the Elven Halls)

   [ring of flight]

   It affects your strength (+7).
   It affects your dexterity (+4).
   It protects you from cold.
   It protects you from poison.
   It lets you fly.
 Z - the ring of the Briny Deep {rF+ rN+ MR+ Stlth-}
   (You found it on level 5 of the Vaults)

   [ring of loudness]

   It protects you from fire.
   It protects you from negative energy.
   It affects your resistance to hostile enchantments.
   It makes you less stealthy.
Wands
 Y - a wand of digging (21)
Scrolls
 i - 6 scrolls of torment
 j - 7 scrolls of fog
 k - 8 scrolls of fear
 r - 18 scrolls of teleportation
 u - 29 scrolls of remove curse
 w - 6 scrolls of enchant armour
 x - 7 scrolls of silence
 E - 4 scrolls of magic mapping
 M - 8 scrolls of identify
 T - 6 scrolls of blinking
Potions
 n - 9 potions of flight
 p - 2 potions of resistance
 s - 16 potions of curing
 D - 7 potions of ambrosia
 K - 7 potions of brilliance
 N - 2 potions of haste
 Q - a potion of might
 X - 5 potions of agility
Books
 H - a manual of Long Blades
Miscellaneous
 l - 5 phantom mirrors
 t - 3 sacks of spiders
 y - 4 boxes of beasts
 V - a lightning rod (4/4)
Comestibles
 d - 93 rations


   Skills:
 * Level 18.3 Fighting
 - Level 1.8 Throwing
 + Level 10.9 Armour
 * Level 16.5 Dodging
 * Level 24.1 Stealth
 + Level 18.7 Shields
 O Level 27 Unarmed Combat
 + Level 9.0 Invocations
 + Level 2.8 Evocations


You had 24 spell levels left.
You knew the following spells:

 Your Spells              Type           Power        Failure   Level  Hunger
a - Apportation           Tloc           #.....       88%         1    ##.....
b - Confusing Touch       Hex            #.....       88%         1    ##.....


Dungeon Overview and Level Annotations

Branches:
Dungeon (15/15)            Temple (1/1) D:7            Lair (6/6) D:8
  Swamp (4/4) Lair:2        Snake (4/4) Lair:3        Slime (5/5) Lair:6
    Orc (2/2) D:11            Elf (3/3) Orc:2        Vaults (5/5) D:14
  Crypt (3/3) Vaults:3       Tomb (0/3) Crypt:3      Depths (5/5) D:15
   Hell (1/1)                 Dis (0/7) Hell            Geh (0/7) Hell
    Coc (0/7) Hell            Tar (0/7) Hell            Zot (0/5) Depths:5

Altars:
Ashenzari
Dithmenos
Elyvilon
Fedhas
Gozag
Hepliaklqana
Kikubaaqudgha
Makhleb
Nemelex Xobeh
Okawaru
Ru
Sif Muna
Uskayaw
Vehumet
Wu Jian
Yredelemnul
Zin
The Shining One
Beogh
Jiyva

Shops:
D:7 [   D:9 =   D:11 *[:([   D:13 !   Orc:2 [(}:*   Elf:2 =}=   Vaults:1 !
Vaults:2 (   Vaults:3 =   Vaults:4 !   Vaults:5 (   Depths:2 [

Portals:
Hell: Depths:1 Depths:2 Depths:3 Depths:4 Depths:5
Abyss: Depths:1 Depths:2 Depths:4 Depths:5
Pandemonium: Depths:3
Ziggurat: Depths:4

Annotations:
Lair:3 exclusion: oklob plant
Slime:5 Royal Jelly
Hell exclusion: ice statue


Innate Abilities, Weirdness & Mutations

Your body is rotting away.
You thrive on raw meat.
You are immune to poison.
You have sharp fingernails.
You are carnivorous and can eat meat at any time.
Your flesh is cold resistant. (rC+)
You are immune to negative energy. (rN+++)
You do not regenerate when monsters are visible.
You are immune to unholy pain and torment.
You can survive without breathing.


Message History

Your shadow barely misses the apocalypse crab.
You block the fire bat's attack. The fire bat completely misses you.
You barely miss the apocalypse crab.
The apocalypse crab is almost dead.
You block the ufetubus's attack. x2
The bone dragon bites you but does no damage.
You block the bone dragon's attack. The bone dragon closely misses you.
The large abomination hits you!!
* * * LOW HITPOINT WARNING * * *
The apocalypse crab breathes chaos at you.
The blast of chaos engulfs you! You resist with almost no effort.
You barely miss the apocalypse crab.
The apocalypse crab is almost dead.
Your shadow hits the apocalypse crab!
You are engulfed in seething chaos.
You fade into invisibility!
You are very lightly contaminated with residual magic.
You block the fire bat's attack. You block the ufetubus's attack.
The ufetubus misses you. You block the fire bat's attack.
The chaos spawn completely misses you. The bone dragon bites you!
You die...

# ## §§§3#.#
## .##.#. .G #
. . ..#. .§ #
##. #. .
..#5#§ . #
.#.##. # . v#
.#§§5.#.. . #
#.#v535#§##. #
.. ###5t4b3# #
#
#..55@X###v##.
#..###D3#. #
## 5X3.##


v v 5 .# #. .#.# . ..... .5..## #. #. . ..... You could see a bone dragon, a
spatial vortex, an apocalypse crab, a thrashing horror, a large abomination, a
smoke demon, 2 neqoxecs, a ynoxinul, a chaos spawn, a fire bat and 5 ufetubi.

Vanquished Creatures
  An ancient lich (Depths:2)
  2 juggernauts
  Vashnia (Snake:4)
  Bai Suzhen (Depths:1)
  the Lernaean hydra (Swamp:4)
  A caustic shrike (Depths:3)
  Geryon (Hell)
  the Enchantress (Depths:3)
  3 golden dragons
  2 profane servitors (Crypt:3)
  2 bone dragons (Abyss:5)
  8 liches
  12 tentacled monstrosities
  Jorgrun (Depths:4)
  8 ancient champions
  4 titans
  2 deep elf master archers (Elf:3)
  20 acid blobs
  2 deep elf blademasters (Elf:3)
  A thorn hunter (Swamp:4)
  Kirke (Swamp:1)
  12 tentacled starspawn
  6 sphinxes
  2 revenants
  5 storm dragons
  9 tengu reavers
  9 shadow dragons
  Donald (Swamp:1)
  12 nagarajas
  An azure jelly (Slime:5)
  11 fire giants
  Aizul (Swamp:3)
  Roxanne (Swamp:1)
  16 frost giants
  3 iron dragons
  A draconian scorcher (Depths:5)
  20 vault wardens
  A cacodemon (Abyss:4)
  8 deep elf sorcerers
  2 angels
  Louise (D:15)
  A balrug (Depths:5)
  A caustic shrike zombie (Hell)
  2 orc warlords
  3 reapers
  A curse skull (Crypt:1)
  5 deep elf elementalists
  3 ghouls
  7 ironheart preservers
  2 entropy weavers
  4 spriggan defenders
  A draconian annihilator (Depths:5)
  4 war gargoyles
  29 starcursed masses
  10 stone giants
  15 very ugly things
  7 deep elf demonologists
  2 black draconians (Depths:5)
  A purple draconian (Abyss:5)
  A lorocyproca (Hell)
  2 yellow draconians
  A dire elephant (D:15)
  6 deep elf annihilators
  3 spark wasps
  2 red draconians
  4 eidola
  15 ettins
  3 jiangshi (Crypt:3)
  12 fire dragons
  6 deep elf death magi
  A minotaur (shapeshifter) (Vaults:5)
  3 blizzard demons (Hell)
  2 mummy priests (Crypt:3)
  A merfolk javelineer (Depths:4)
  25 ogre magi
  A crystal guardian (Vaults:4)
  2 kraken zombies (Hell)
  A merfolk impaler (Depths:1)
  8 great orbs of eyes
  A green death (Abyss:5)
  7 rakshasas
  6 deep elf high priests
  9 yaktaur captains
  Josephine (Orc:1)
  A death ooze (Slime:2)
  Erolcha (D:10)
  9 ice dragons
  11 naga warriors
  3 catoblepae (Lair:6)
  5 spriggan air magi
  2 quicksilver dragon skeletons (Crypt:1)
  45 vault guards
  21 hydras
  13 anacondas
  2 ghost crabs
  5 death knights
  An anaconda (shapeshifter) (Depths:3)
  A two-headed ogre (shapeshifter) (Vaults:2)
  11 centaur warriors
  4 alligators
  A queen ant (Lair:1)
  27 dancing weapons
  13 death yaks
  11 deep troll shamans
  A tengu warrior (Depths:2)
  6 hell hogs (Abyss:5)
  10 thrashing horrors
  13 shock serpents
  A titan zombie (Crypt:1)
  5 deep troll earth magi
  38 two-headed ogres
  15 naga sharpshooters
  2 vampire magi
  Urug (D:13)
  5 orc high priests
  9 spriggan berserkers
  4 soul eaters
  A fire crab (shapeshifter) (Vaults:3)
  3 sixfirhies
  23 deep elf knights
  2 sun demons (Depths:5)
  7 wretched stars
  7 shadow wraiths
  25 skeletal warriors
  An iron troll (shapeshifter) (Vaults:5)
  6 iron trolls
  2 golden dragon zombies
  2 spark wasp zombies (Hell)
  2 spatial maelstroms (Abyss:5)
  4 unseen horrors
  7 salamander mystics
  7 flayed ghosts
  14 swamp dragons
  22 deep trolls
  7 phantasmal warriors
  An obsidian statue (Depths:1)
  4 spriggan druids
  2 anaconda zombies (Crypt:1)
  20 large abominations
  3 glowing orange brains
  6 wizards
  8 naga ritualists
  16 orc knights
  A ghost moth zombie (Crypt:1)
  4 lindwurms (Snake:4)
  2 shambling mangroves
  An orange crystal statue (Depths:4)
  A tengu zombie (Hell)
  An orb spider (shapeshifter) (Vaults:4)
  22 ironbrand convokers
  16 deep elf archers
  5 harpies (Vaults:3)
  A wolf spider zombie (Abyss:4)
  Pikel (D:8)
  A golden dragon skeleton (Crypt:1)
  8 mana vipers
  An iron dragon zombie (Crypt:3)
  7 necromancers
  A sphinx zombie (Vaults:4)
  8 orc sorcerers
  2 stone giant zombies (Hell)
  48 ugly things
  3 shining eyes
  12 salamanders
  6 manticores
  A worldbinder (Abyss:5)
  94 deep elf magi
  2 wolf spiders
  11 cyclopes
  A human zombie (Vaults:1)
  10 guardian serpents
  A frost giant zombie (Hell)
  A stone giant skeleton (Vaults:1)
  An iron dragon skeleton (Crypt:1)
  2 eyes of devastation
  6 rust devils
  7 centaur zombies
  2 frost giant skeletons
  Maurice (D:8)
  An apocalypse crab (Abyss:5)
  A torpor snail (shapeshifter) (Depths:3)
  30 black mambas
  Psyche (D:8)
  19 vault sentinels
  12 smoke demons
  A dire elephant zombie (Abyss:5)
  An orange demon (Depths:1)
  A gargoyle (D:13)
  A grey draconian zombie (Crypt:1)
  3 hellions
  24 naga magi
  10 spiny frogs
  4 yaktaur zombies
  4 efreet
  A spriggan zombie (Hell)
  6 komodo dragons
  3 ice devils
  6 freezing wraiths
  35 yaktaurs
  2 hellwings
  2 kobold demonologists
  A rime drake (Lair:4)
  4 tengu conjurers
  A queen bee (Orc:2)
  2 red devils
  A pale draconian skeleton (Crypt:3)
  A meliai (shapeshifter) (Vaults:2)
  A death yak skeleton (Crypt:2)
  A red draconian skeleton (Crypt:3)
  3 guardian mummies (Crypt:3)
  3 meliai (D:13)
  7 ancient zymes
  4 hydra zombies
  A sea snake skeleton (Crypt:3)
  5 tyrant leeches
  10 trolls
  A tengu simulacrum (Vaults:2)
  13 hornets
  A jumping spider (shapeshifter) (Vaults:5)
  A blink frog (shapeshifter) (Vaults:1)
  A shadow dragon simulacrum (Vaults:4)
  A hornet (shapeshifter) (Vaults:2)
  3 bog bodies
  A harpy skeleton (Crypt:3)
  Grinder (D:5)
  6 dream sheep (Lair:5)
  3 alligator zombies (Hell)
  8 raiju (Abyss:5)
  80 slime creatures
  A fire giant simulacrum (Vaults:2)
  4 ettin zombies
  2 hydra skeletons (Crypt:1)
  2 raiju (shapeshifter)
  A stone giant simulacrum (Vaults:2)
  8 blink frogs
  A meliai zombie (D:14)
  A centaur simulacrum (D:14)
  13 flying skulls
  9 hippogriffs
  Sigmund (D:2)
  3 air elementals
  An alligator skeleton (Abyss:1)
  A redback (shapeshifter) (D:14)
  4 ynoxinuls
  An ice dragon skeleton (Crypt:3)
  14 spriggans
  2 redbacks (Vaults:4)
  An orc simulacrum (Vaults:1)
  2 ettin skeletons
  5 fire bats
  6 water elementals
  4 basilisks
  20 wraiths
  45 yaks
  2 ushabtiu (Crypt:3)
  A wyvern (Lair:4)
  A hog (shapeshifter) (Vaults:1)
  2 shadows
  A hog (Swamp:1)
  3 hungry ghosts
  4 fire elementals
  A black mamba skeleton (Crypt:1)
  7 golden eyes
  Grum (D:8)
  5 neqoxecs
  19 vampire mosquitoes
  4 chaos spawn
  A swamp worm (shapeshifter) (Depths:5)
  2 spatial vortices
  21 swamp worms
  37 nagas
  4 hell hounds (Abyss:4)
  A naga (shapeshifter) (Vaults:1)
  A glowing shapeshifter zombie (Crypt:2)
  An infernal demonspawn zombie (Crypt:1)
  8 wargs
  A faun zombie (Crypt:3)
  Edmund (D:6)
  3 acid dragons
  A faun skeleton (Crypt:1)
  2 spiny frog zombies
  7 small abominations
  Duvessa (D:4)
  12 water moccasins
  A water nymph skeleton (Crypt:1)
  A floating eye (Slime:2)
  9 porcupines
  5 ice beasts
  45 orc warriors
  A spiny frog skeleton (Hell)
  12 swamp drakes
  A swamp dragon zombie (Crypt:1)
  22 ogres
  3 sky beasts
  A black bear (shapeshifter) (Vaults:2)
  2 black bears (D:7)
  An ice dragon simulacrum (Abyss:5)
  5 necrophages
  9 wolves
  A blink frog skeleton (Crypt:1)
  3 boggarts (Depths:2)
  2 hornet zombies
  A snapping turtle skeleton (Crypt:1)
  5 eyes of draining
  An orc skeleton (Vaults:1)
  3 human skeletons
  17 centaurs
  A rime drake zombie (Crypt:2)
  4 crocodiles
  4 big kobolds
  19 bullfrogs
  2 earth elementals (Elf:2)
  A gnoll sergeant (D:7)
  3 yaktaur skeletons
  Dowan (D:4)
  A glowing shapeshifter simulacrum (Vaults:4)
  A troll zombie (Crypt:3)
  2 warg zombies
  5 scorpions
  2 water moccasin skeletons
  31 killer bees
  35 wights
  5 howler monkeys
  3 electric eels
  4 crimson imps
  A lava snake (Lair:5)
  2 bullfrog zombies (D:12)
  4 hounds
  2 quasits
  A yaktaur simulacrum (Vaults:1)
  A bullfrog skeleton (D:4)
  3 centaur skeletons
  A gnoll shaman (D:7)
  23 orc priests
  4 iron imps
  6 jellies
  4 iguanas
  11 worker ants
  29 orc wizards
  A black bear skeleton (Crypt:2)
  A porcupine zombie (Crypt:1)
  A killer bee zombie (D:10)
  A crocodile zombie (Crypt:1)
  A deep dwarf zombie (Crypt:3)
  A crocodile skeleton (Crypt:2)
  A worker ant zombie (D:9)
  12 gnolls
  2 river rats (D:8)
  21 adders
  A howler monkey skeleton (D:11)
  5 shadow imps
  2 white imps (Depths:1)
  An ufetubus (Depths:1)
  An ooze (D:2)
  An adder zombie (D:9)
  3 worms
  3 dart slugs
  4 leopard geckos
  117 orcs
  2 ball pythons
  3 giant cockroaches
  10 goblins
  7 hobgoblins
  9 jackals
  7 quokkas
  A ball python zombie (Crypt:3)
  5 bats
  2 frilled lizards
  A giant cockroach zombie (Crypt:1)
  16 kobolds
  2 leopard gecko skeletons (D:6)
  An orc zombie (Crypt:1)
  A quokka skeleton (D:5)
  13 rats
  A lurking horror (Abyss:5)
  11 starspawn tentacles
  3 tentacles (Hell)
2491 creatures vanquished.

Vanquished Creatures (others)
  A stone giant (Vaults:3)
  A merfolk javelineer (Depths:4)
  A yaktaur captain (Vaults:4)
  A hydra (Swamp:4)
  A rakshasa (Vaults:1)
  A centaur warrior (D:15)
  2 naga sharpshooters
  2 deep elf knights
  An unseen horror (Vaults:1)
  4 deep elf archers
  A swamp dragon (Swamp:4)
  3 deep elf magi
  A cyclops (Vaults:1)
  A black mamba (Snake:2)
  A vault sentinel (Vaults:4)
  5 yaktaurs
  A hornet (Swamp:2)
  4 humans (Swamp:1)
  A porcupine (D:8)
  An orc warrior (Vaults:4)
  4 slaves (D:8)
  A boggart (D:13)
  A quasit (Depths:1)
  An adder (D:8)
  5 orcs
  2 kobolds
  10 fungi
  2 lurking horrors
  11 plants
  22 starspawn tentacles
  11 tentacles (Hell)
104 creatures vanquished.

Grand Total: 2595 creatures vanquished

Notes
Turn   | Place    | Note
-------+----------+-------------------------------------------
     0 | D:1      | Inarius the Ghoul Gladiator began the quest for the Orb.
     0 | D:1      | Reached XP level 1. HP: 17/17 MP: 0/0
   138 | D:1      | Reached XP level 2. HP: 25/25 MP: 1/1
   601 | D:1      | Reached XP level 3. HP: 30/30 MP: 2/2
   907 | D:2      | Reached skill level 4 in Unarmed Combat
  1005 | D:2      | Reached XP level 4. HP: 33/37 MP: 3/3
  1147 | D:2      | Found a sparkling altar of Nemelex Xobeh.
  1147 | D:2      | Found an iron altar of Okawaru.
  1152 | D:2      | Found a hazy altar of Hepliaklqana.
  1154 | D:2      | Found a glowing golden altar of the Shining One.
  1156 | D:2      | Found a faded altar of an unknown god.
  1273 | D:2      | Noticed Sigmund
  1296 | D:2      | Killed Sigmund
  1296 | D:2      | Reached skill level 1 in Armour
  1296 | D:2      | Reached skill level 1 in Shields
  1296 | D:2      | Reached skill level 5 in Unarmed Combat
  1296 | D:2      | Reached XP level 5. HP: 33/42 MP: 4/4
  1296 | D:2      | Reached XP level 6. HP: 40/50 MP: 5/5
  1389 | D:2      | Found a basalt altar of Yredelemnul.
  1450 | D:2      | Found a white marble altar of Elyvilon.
  1644 | D:2      | You fall through a shaft for 2 floors!
  1751 | D:4      | Noticed a hungry ghost
  1793 | D:4      | Killed a hungry ghost
  1793 | D:4      | Reached skill level 6 in Unarmed Combat
  1793 | D:4      | Reached XP level 7. HP: 53/56 MP: 6/6
  2646 | D:3      | Found a burning altar of Makhleb.
  3188 | D:4      | Found a radiant altar of Vehumet.
  3271 | D:4      | Noticed Duvessa
  3273 | D:4      | Noticed Dowan
  3323 | D:4      | Killed Duvessa
  3341 | D:4      | Killed Dowan
  3661 | D:5      | Entered Level 5 of the Dungeon
  3661 | D:5      | Noticed Grinder
  3670 | D:5      | Killed Grinder
  3670 | D:5      | Reached XP level 8. HP: 61/62 MP: 7/7
  3765 | D:5      | Found a deep blue altar of Sif Muna.
  3882 | D:5      | Got a warped robe
  3893 | D:5      | Identified the +1 robe "Odwiosu" {Str+6} (You found it on level 5 of the Dungeon)
  4039 | D:5      | Found a blossoming altar of Fedhas.
  4285 | D:6      | Reached skill level 7 in Unarmed Combat
  4298 | D:6      | Reached skill level 1 in Stealth
  4616 | D:6      | Reached XP level 9. HP: 47/70 MP: 8/8
  4623 | D:6      | Reached skill level 8 in Unarmed Combat
  4935 | D:6      | Noticed Edmund
  4951 | D:6      | Killed Edmund
  4951 | D:6      | Reached skill level 5 in Shields
  5233 | D:7      | Found a staircase to the Ecumenical Temple.
  5260 | Temple   | Entered the Ecumenical Temple
  5263 | Temple   | HP: 2/71 [gnoll/club (7)]
  5288 | Temple   | Became a worshipper of Dithmenos the Shadowed
  6030 | D:7      | Reached skill level 5 in Dodging
  6070 | D:7      | Reached skill level 9 in Unarmed Combat
  6087 | D:7      | Found Gingepsun's Antique Armour Shop.
  6092 | D:7      | Bought a dazzling chain mail for 190 gold pieces
  6106 | D:7      | Found a shattered altar of Ashenzari.
  6374 | D:7      | Reached * piety under Dithmenos
  6485 | D:8      | Reached XP level 10. HP: 66/78 MP: 9/9
  6570 | D:8      | Found a glowing silver altar of Zin.
  6571 | D:8      | Found an ornate altar of the Wu Jian Council.
  6589 | D:8      | Noticed a two-headed ogre
  6593 | D:8      | Killed a two-headed ogre
  6593 | D:8      | Reached skill level 5 in Stealth
  6593 | D:8      | Reached skill level 10 in Unarmed Combat
  6594 | D:8      | Noticed Grum
  6624 | D:8      | Killed Grum
  6657 | D:8      | Noticed Pikel
  6695 | D:8      | Noticed a death yak
  6697 | D:8      | Noticed a death yak
  6698 | D:8      | Noticed a death yak
  6737 | D:8      | Noticed Psyche
  6737 | D:8      | Noticed Maurice
  6763 | D:8      | Killed Psyche
  6763 | D:8      | Reached ** piety under Dithmenos
  6788 | D:8      | Killed Maurice
  6801 | D:8      | Killed Pikel
  6955 | D:8      | Found a staircase to the Lair.
  7019 | D:8      | Got a polished long sword {slice}
  7038 | D:8      | Identified the +11 long sword of Omnedgh {slice, *Drain +Inv rN++ SInv} (You took it off Grum on level 8 of the Dungeon)
  7075 | Lair:1   | Entered Level 1 of the Lair of Beasts
  7075 | Lair:1   | Noticed a black mamba
  7082 | Lair:1   | Killed a black mamba
  7329 | Lair:1   | Noticed a five-headed hydra
  7342 | Lair:1   | Killed a five-headed hydra
  7342 | Lair:1   | Reached skill level 11 in Unarmed Combat
  7342 | Lair:1   | Reached XP level 11. HP: 83/83 MP: 10/10
  7451 | D:8      | Learned a level 1 spell: Apportation
  7666 | D:7      | Killed a death yak
  7766 | D:8      | Killed a death yak
  7766 | D:8      | Reached skill level 1 in Evocations
  7782 | D:8      | Killed a death yak
  8045 | D:9      | Found Qaciti's Jewellery Shop.
  8210 | D:9      | Identified the +1 chain mail "Qutib" {Int+7} (You bought it in a shop on level 7 of the Dungeon)
  8313 | D:9      | Noticed a two-headed ogre
  8314 | D:9      | Noticed a glowing orange brain
  8314 | D:9      | a two-headed ogre changed into a glowing orange brain
  8330 | D:9      | Killed a glowing orange brain
  8330 | D:9      | Reached skill level 5 in Fighting
  8431 | D:7      | Bought a pair of gloves for 90 gold pieces
  8679 | D:9      | Reached *** piety under Dithmenos
  8679 | D:9      | Reached skill level 12 in Unarmed Combat
  9026 | D:10     | Entered Level 10 of the Dungeon
  9049 | D:10     | Noticed Erolcha
  9071 | D:10     | Killed Erolcha
  9596 | D:11     | Found Nuxeqoomm's Antique Armour Shoppe.
  9649 | D:11     | Found Jikhomy's Antique Weapon Boutique.
  9688 | D:11     | Reached XP level 12. HP: 76/94 MP: 12/12
  9795 | D:11     | Found Sioc's Antique Armour Boutique.
  9907 | D:11     | Noticed a purple very ugly thing
  9912 | D:11     | Found Orchae's Book Boutique.
 10196 | Lair:1   | Noticed a five-headed hydra
 10217 | Lair:1   | Killed a five-headed hydra
 10551 | Lair:1   | Noticed a five-headed hydra
 10553 | Lair:1   | Noticed a satyr
 10553 | Lair:1   | a five-headed hydra changed into a satyr
 10556 | Lair:1   | Noticed a queen ant
 10556 | Lair:1   | a satyr changed into a queen ant
 10557 | Lair:1   | Noticed a spark wasp
 10557 | Lair:1   | a queen ant changed into a spark wasp
 10558 | Lair:1   | Noticed a queen ant
 10558 | Lair:1   | a spark wasp changed into a queen ant
 10568 | Lair:1   | Killed a queen ant
 11087 | Lair:2   | Reached **** piety under Dithmenos
 11234 | Lair:2   | Reached skill level 13 in Unarmed Combat
 11472 | Lair:2   | Found a staircase to the Swamp.
 11971 | Lair:3   | Found a staircase to the Snake Pit.
 12248 | Lair:3   | Reached skill level 10 in Stealth
 12952 | Lair:4   | Reached XP level 13. HP: 107/107 MP: 13/13
 13066 | Lair:4   | Reached ***** piety under Dithmenos
 13849 | Lair:2   | Got a colourful robe
 13860 | Lair:2   | Identified the +1 robe of the Eternal Void {MP+9 Dex+3} (You found it on level 2 of the Lair of Beasts)
 13884 | Lair:2   | Learned a level 1 spell: Confusing Touch
 13991 | Lair:5   | Found a dark tunnel.
 14012 | Lair:5   | Reached skill level 14 in Unarmed Combat
 14055 | Volcano  | Entered a volcano
 14102 | Volcano  | Noticed a red draconian
 14117 | Volcano  | Killed a red draconian
 14161 | Volcano  | Noticed an ogre mage
 14172 | Volcano  | Killed an ogre mage
 15217 | Lair:6   | Entered Level 6 of the Lair of Beasts
 15610 | Lair:6   | Found a runed door.
 15610 | Lair:6   | Found a viscous altar of Jiyva.
 15610 | Lair:6   | Found a staircase to the Slime Pits.
 15610 | Lair:6   | Noticed an acid blob
 15610 | Lair:6   | Noticed an acid blob
 15657 | Lair:6   | Got a jewelled ring mail
 15714 | Lair:5   | Reached skill level 15 in Unarmed Combat
 16612 | Lair:6   | Reached XP level 14. HP: 115/115 MP: 14/14
 16845 | Lair:6   | Reached skill level 16 in Unarmed Combat
 17276 | Lair:6   | Identified the +1 ring mail of Idealism {rElec rN+ Int+2} (You found it on level 6 of the Lair of Beasts)
 17775 | D:11     | Found a staircase to the Orcish Mines.
 17787 | D:11     | Found Saicud's Assorted Antiques.
 17791 | D:11     | Bought a scroll of identify for 62 gold pieces
 17791 | D:11     | Bought a scroll of identify for 62 gold pieces
 18267 | D:11     | Bought a warped scale mail for 234 gold pieces
 18267 | D:11     | Bought a dazzling ring mail for 234 gold pieces
 18267 | D:11     | Bought a faintly humming ring mail for 234 gold pieces
 18277 | D:11     | Identified the +2 scale mail of the Soldier {rCorr Dex-5 Slay+2} (You bought it in a shop on level 11 of the Dungeon)
 18287 | D:11     | Identified the +3 ring mail of Ynoe {MR+} (You bought it in a shop on level 11 of the Dungeon)
 18297 | D:11     | Identified the cursed +1 ring mail of Fortification {rPois MR- Regen+ Stlth+} (You bought it in a shop on level 11 of the Dungeon)
 18825 | D:12     | Reached ****** piety under Dithmenos
 19023 | D:12     | Found the +5 scythe "Finisher" {speed, Str+3}
 19046 | D:12     | Reached skill level 17 in Unarmed Combat
 19822 | D:13     | Noticed Urug
 19856 | D:13     | Killed Urug
 19856 | D:13     | Reached skill level 1 in Invocations
 19985 | D:13     | Reached XP level 15. HP: 104/123 MP: 15/15
 20079 | D:13     | Found Soptanul's Distillery.
 20111 | D:13     | Bought a potion of haste for 120 gold pieces
 20111 | D:13     | Bought a potion of heal wounds for 60 gold pieces
 20111 | D:13     | Bought a potion of haste for 120 gold pieces
 20111 | D:13     | Bought a potion of heal wounds for 60 gold pieces
 20687 | Orc:1    | Entered Level 1 of the Orcish Mines
 21106 | Orc:2    | Entered Level 2 of the Orcish Mines
 21106 | Orc:2    | Noticed an orc warlord
 21140 | Orc:1    | Noticed Josephine
 21187 | Orc:1    | Killed Josephine
 21187 | Orc:1    | Reached skill level 5 in Armour
 21248 | Orc:1    | Found a roughly hewn altar of Beogh.
 21531 | Orc:2    | Paralysed by an orc sorcerer for 5 turns
 21956 | Orc:2    | Noticed an orc warlord
 21994 | Orc:2    | Found Yzycwy's Gadget Emporium.
 22075 | Orc:1    | Killed an orc warlord
 22115 | Orc:2    | Reached skill level 18 in Unarmed Combat
 22170 | Orc:2    | Found Vieprox's Book Shop.
 22295 | Orc:2    | Found Xaqiud's General Store.
 22390 | Orc:2    | Killed an orc warlord
 22444 | Orc:2    | Found a staircase to the Elven Halls.
 22455 | Orc:2    | Found Nopp's Antique Armour Boutique.
 22590 | Orc:2    | Found Wanoaz's Antique Weapon Shoppe.
 23518 | D:14     | Reached skill level 10 in Dodging
 23986 | D:14     | Found a deep blue altar of Sif Muna.
 24212 | D:14     | Found a gate to the Vaults.
 24225 | D:14     | Reached skill level 5 in Invocations
 24250 | D:14     | Reached XP level 16. HP: 106/129 MP: 18/18
 24552 | D:15     | Entered Level 15 of the Dungeon
 24636 | D:15     | Found a staircase to the Depths.
 24957 | D:15     | Reached skill level 19 in Unarmed Combat
 25144 | D:15     | Noticed Louise
 25163 | D:15     | Killed Louise
 25376 | D:15     | Found a deep blue altar of Sif Muna.
 25870 | Snake:1  | Entered Level 1 of the Snake Pit
 27532 | Snake:2  | Noticed a nagaraja
 27544 | Snake:2  | Killed a nagaraja
 27671 | Snake:2  | Noticed a nagaraja
 27714 | Snake:2  | Killed a nagaraja
 27743 | Snake:2  | Noticed a nagaraja
 27803 | Snake:2  | Killed a nagaraja
 28301 | Snake:3  | Reached XP level 17. HP: 135/137 MP: 21/21
 28769 | Snake:3  | Reached skill level 20 in Unarmed Combat
 28833 | Snake:3  | Reached skill level 15 in Stealth
 29688 | Swamp:1  | Entered Level 1 of the Swamp
 29855 | Swamp:1  | Noticed Kirke
 29862 | Swamp:1  | Killed Kirke
 30167 | Swamp:1  | Noticed Roxanne
 30207 | Swamp:1  | Noticed Donald
 30625 | Swamp:1  | Killed Donald
 31068 | Swamp:1  | Killed Roxanne
 31769 | Swamp:2  | Reached skill level 10 in Fighting
 32331 | Swamp:3  | Noticed Aizul
 32533 | Swamp:3  | Killed Aizul
 33326 | Elf:1    | Entered Level 1 of the Elven Halls
 33465 | Elf:1    | Reached XP level 18. HP: 149/149 MP: 23/23
 33585 | Elf:1    | HP: 5/149 [deep elf knight/shard of ice (22)]
 34213 | Elf:1    | Reached skill level 21 in Unarmed Combat
 35220 | D:13     | Bought a potion of cancellation for 96 gold pieces
 35701 | Elf:2    | Found Qoedd's Jewellery Shop.
 35701 | Elf:2    | Found Zekame's Gadget Emporium.
 35712 | Elf:2    | Found Dumpa's Jewellery Shop.
 36071 | Elf:2    | Found a huge runed gate.
 36071 | Elf:2    | Found a huge runed gate.
 36071 | Elf:2    | Found a huge runed gate.
 36948 | Elf:3    | Entered Level 3 of the Elven Halls
 36970 | Elf:3    | Reached XP level 19. HP: 157/157 MP: 24/24
 37827 | Swamp:4  | Entered Level 4 of the Swamp
 38240 | Swamp:4  | Reached skill level 22 in Unarmed Combat
 38608 | Swamp:4  | Noticed the 27-headed Lernaean hydra
 38627 | Swamp:4  | Identified a scroll of acquirement
 38631 | Swamp:4  | Got a scorched cloak
 38640 | Swamp:4  | Killed the 27-headed Lernaean hydra
 38829 | Swamp:4  | Identified the +3 cloak "Yhafaf" {rN+ Slay+3} (You acquired it on level 4 of the Swamp)
 38926 | Swamp:4  | Got a decaying rune of Zot
 39576 | Vaults:1 | Entered Level 1 of the Vaults
 40260 | Vaults:1 | Reached skill level 10 in Shields
 40590 | Vaults:1 | Found Yshri Leu's Distillery.
 40871 | Vaults:1 | Bought 2 potions of haste for 280 gold pieces
 41059 | Vaults:1 | Reached XP level 20. HP: 131/168 MP: 25/25
 41965 | D:13     | Got a slimy iron amulet
 41968 | D:13     | Identified the amulet "Mawutir" {Spirit +Fly rPois rC- Dex+3} (You found it on level 13 of the Dungeon)
 43084 | Vaults:2 | Found Vehy's Antique Weapon Boutique.
 43261 | Vaults:2 | Reached skill level 23 in Unarmed Combat
 44184 | Vaults:3 | Found Qazxusme's Jewellery Boutique.
 44671 | Vaults:3 | Paralysed by an orc sorcerer for 4 turns
 45105 | Vaults:3 | Reached XP level 21. HP: 99/180 MP: 26/26
 45784 | Vaults:3 | Found a staircase to the Crypt.
 46779 | Vaults:4 | Reached skill level 24 in Unarmed Combat
 47117 | Vaults:4 | Found Kucheror's Distillery.
 47125 | Vaults:4 | Bought a potion of might for 84 gold pieces
 47125 | Vaults:4 | Bought a potion of heal wounds for 105 gold pieces
 47125 | Vaults:4 | Bought a potion of might for 84 gold pieces
 47125 | Vaults:4 | Bought a potion of cancellation for 168 gold pieces
 47974 | Snake:4  | Entered Level 4 of the Snake Pit
 48361 | Snake:4  | Noticed Vashnia
 48410 | Snake:4  | Killed Vashnia
 48903 | Snake:4  | Reached XP level 22. HP: 190/190 MP: 27/27
 49992 | Snake:4  | Reached skill level 15 in Fighting
 50100 | Snake:4  | Got a serpentine rune of Zot
 50587 | Crypt:1  | Entered Level 1 of the Crypt
 50721 | Crypt:1  | Found an ancient bone altar of Kikubaaqudgha.
 51060 | Crypt:1  | Found an ancient bone altar of Kikubaaqudgha.
 52002 | Crypt:1  | Reached skill level 25 in Unarmed Combat
 52207 | Crypt:2  | Found an ancient bone altar of Kikubaaqudgha.
 52465 | Crypt:3  | Entered Level 3 of the Crypt
 52560 | Crypt:3  | Found a basalt altar of Yredelemnul.
 53028 | Crypt:3  | Reached XP level 23. HP: 60/194 MP: 28/28
 54132 | Crypt:3  | Found a basalt altar of Yredelemnul.
 54138 | Crypt:3  | Found an ancient bone altar of Kikubaaqudgha.
 54190 | Crypt:3  | Identified the ring of Moral Flaws {rElec rF+ rC+ rN+ Dex+4} (You found it on level 3 of the Crypt)
 54191 | Crypt:3  | Identified the ring of Descent {+Blink rN+ Str-4 Dex+3 Stlth+} (You found it on level 3 of the Crypt)
 54192 | Crypt:3  | Identified the ring "Idgheipips" {+Fly rN+ MR+ Int-2 SInv} (You found it on level 3 of the Crypt)
 54210 | Crypt:3  | Identified the cursed +1 lajatang of Context {slice, rC+} (You found it on level 3 of the Crypt)
 54247 | Crypt:3  | Identified the amulet of Pygrigu {Spirit rC+ Dex+3} (You found it on level 3 of the Crypt)
 54254 | Crypt:3  | Identified the +0 scale mail "Cofaed" {+Inv rPois MP+9} (You found it on level 3 of the Crypt)
 54369 | Crypt:3  | Found a staircase to the Tomb.
 54649 | Depths:1 | Entered Level 1 of the Depths
 55329 | Depths:1 | Found a gateway to Hell.
 55475 | Depths:1 | Noticed Bai Suzhen
 55499 | Depths:1 | Killed Bai Suzhen
 56051 | Depths:1 | Found a one-way gate to the infinite horrors of the Abyss.
 56100 | Depths:2 | Reached skill level 10 in Armour
 56411 | Depths:2 | Found Aqibekh's Armour Shop.
 56484 | Depths:2 | Found a deep blue altar of Sif Muna.
 56560 | Depths:2 | Identified the Grimoire of the Venomous Voyage
 56575 | Depths:2 | Identified the Papyrus of the Mutagenic Arsonist
 56576 | Depths:2 | Identified the Collected Works on Shifting Summoning
 56695 | Depths:2 | Noticed an ancient lich
 56728 | Depths:2 | Killed an ancient lich
 56728 | Depths:2 | Reached skill level 26 in Unarmed Combat
 56733 | Depths:2 | Reached XP level 24. HP: 200/210 MP: 28/28
 57156 | Depths:3 | Found a one-way gate leading to the halls of Pandemonium.
 57700 | Depths:3 | Noticed a juggernaut
 57709 | Depths:3 | Killed a juggernaut
 57732 | Depths:3 | Found a runed door.
 57959 | Depths:3 | Noticed a caustic shrike
 57966 | Depths:3 | Killed a caustic shrike
 58072 | Depths:3 | Identified the ring "Bysitte" {rF- MP+9 EV+2 Dex+2 SInv} (You took it off a frost giant on level 3 of the Depths)
 58162 | Depths:3 | Identified the +7 dagger "Qiceq" {holy, Int+4} (You found it on level 3 of the Depths)
 58274 | Depths:3 | Noticed the Enchantress
 58361 | Depths:3 | Killed the Enchantress
 58409 | Depths:3 | Got faerie dragon scales
 58422 | Depths:3 | Identified the +5 faerie dragon scales {*Corrode +Blink rC+++ rCorr Dex+6} (You took it off the Enchantress on level 3 of the Depths)
 58699 | Depths:3 | Reached skill level 27 in Unarmed Combat
 59217 | Depths:4 | Found a transporter.
 59223 | Depths:4 | Found a gateway to a ziggurat.
 59298 | Depths:4 | Reached XP level 25. HP: 216/216 MP: 28/28
 59384 | Depths:4 | Noticed Jorgrun
 59400 | Depths:4 | Killed Jorgrun
 59527 | Depths:4 | Found a transporter.
 59529 | Depths:4 | Found the ring of Robustness {AC+8}
 59540 | Depths:4 | Noticed a juggernaut
 59883 | Depths:4 | Killed a juggernaut
 59958 | Depths:5 | Entered Level 5 of the Depths
 60236 | Depths:5 | Found a gate to the Realm of Zot.
 60516 | Depths:5 | Reached skill level 15 in Shields
 61982 | Elf:3    | Identified the ring "Finatz" {+Fly rPois rC+ Str+7 Dex+4} (You took it off a deep elf sorcerer on level 3 of the Elven Halls)
 61992 | Elf:3    | Identified the ring "Taloehoz" {rElec Int+4} (You took it off a deep elf blademaster on level 3 of the Elven Halls)
 62640 | Slime:1  | Entered Level 1 of the Pits of Slime
 63185 | Slime:3  | Reached XP level 26. HP: 133/224 MP: 28/28
 63403 | Slime:5  | Entered Level 5 of the Pits of Slime
 63472 | Slime:5  | Noticed the Royal Jelly
 64679 | Vaults:5 | Entered Level 5 of the Vaults
 65552 | Vaults:5 | Identified the ring of the Briny Deep {rF+ rN+ MR+ Stlth-} (You found it on level 5 of the Vaults)
 65582 | Vaults:5 | Reached skill level 15 in Dodging
 65931 | Vaults:5 | Reached XP level 27. HP: 229/236 MP: 28/28
 66376 | Vaults:5 | Found the +10 dark maul {crush}
 66517 | Vaults:5 | Got a silver rune of Zot
 66608 | Vaults:5 | Found Otarilal's Weapon Shoppe.
 66690 | Vaults:5 | Identified the cursed +0 buckler of Tartarus {Dex+4 Slay+2} (You found it on level 5 of the Vaults)
 67157 | Hell     | Entered the Vestibule of Hell
 67157 | Hell     | Noticed Geryon
 67617 | Hell     | Killed Geryon
 67753 | Hell     | Found a gateway to the decaying netherworld of Tartarus.
 68098 | Hell     | Found a gateway to the ashen valley of Gehenna.
 68204 | Hell     | Found a gateway to the Iron City of Dis.
 68246 | Hell     | Found a gateway to the freezing wastes of Cocytus.
 68537 | Depths:4 | Voluntarily entered the Abyss.
 68898 | Abyss:1  | Found a corrupted altar of Lugonu.
 68959 | Abyss:4  | Found a corrupted altar of Lugonu.
 69205 | Abyss:4  | Found a corrupted altar of Lugonu.
 69434 | Abyss:5  | Entered Level 5 of the Abyss
 69798 | Abyss:5  | Paralysed by you for 5 turns
 69960 | Abyss:5  | Paralysed by accursed screaming for 1 turns
 70032 | Abyss:5  | Lost intelligence.
 70040 | Abyss:5  | HP: 11/240 [hell hog/fireball (9)]
 70084 | Abyss:5  | HP: 12/240 [smoke demon/divine providence (9)]
 70088 | Abyss:5  | Mangled by a bone dragon

Skill      XL: |  1  2  3  4  5  6  7  8  9 10 11 12 13 14 15 16 17 18 19 20 21 22 23 24 25 26 27 |
---------------+----------------------------------------------------------------------------------+-----
Dodging        | 3 4 5 6 7 8 9 10 11 12 13 14 15 16 | 16.5
Unarmed Combat | 4 5 6 7 9 11 12 13 15 17 18 19 20 21 22 23 24 25 26 27 | 27.0
Armour         | 1 2 3 4 5 6 7 8 9 10 | 10.9
Shields        | 1 2 3 4 6 7 8 9 10 11 12 13 14 15 17 18 | 18.7
Fighting       | 3 4 5 7 8 9 10 11 12 13 14 15 16 17 18 | 18.3
Stealth        | 2 4 7 8 10 12 13 14 15 16 17 18 19 20 21 22 23 24 | 24.1
Evocations     | 1 2 |  2.8
Invocations    | 1 5 7 8 9 |  9.0
Throwing       | |  1.8

Action                   |  1- 3 |  4- 6 |  7- 9 | 10-12 | 13-15 | 16-18 | 19-21 | 22-24 | 25-27 || total
-------------------------+-------+-------+-------+-------+-------+-------+-------+-------+-------++-------
Melee: Unarmed           |   101 |    96 |   474 |   780 |  1573 |  1602 |  1684 |  1681 |  1768 ||  9759
       Punch             |     2 |       |       |       |       |       |       |       |       ||     2
Evoke: Wand              |       |       |       |    27 |     4 |    12 |     2 |     2 |     4 ||    51
       Box of beasts     |       |       |       |       |       |     1 |       |       |       ||     1
  Use: Potion            |       |     6 |       |     3 |     5 |    11 |     3 |     3 |    17 ||    48
       Scroll            |       |     4 |     6 |    13 |    18 |    12 |     7 |    14 |     4 ||    78
 Stab: Sleeping          |       |       |     5 |    22 |    30 |    56 |    35 |    44 |    37 ||   229
       Distracted        |       |       |       |     1 |     4 |     7 |     8 |    12 |    16 ||    48
       Petrified         |       |       |       |       |     1 |       |       |       |       ||     1
       Invisible         |       |       |       |       |       |     1 |       |       |     2 ||     3
  Eat: Chunk             |     8 |     7 |    55 |    83 |   176 |   217 |   208 |   146 |    97 ||   997
       Ration            |       |       |       |       |       |       |       |     6 |     3 ||     9
Armor: Leather armour    |    15 |       |       |       |       |       |       |       |       ||    15
       Scale mail        |    20 |    38 |    41 |       |       |       |       |       |       ||    99
       Chain mail        |       |       |    17 |       |       |       |       |       |       ||    17
       Robe              |       |       |    53 |   113 |    61 |       |       |       |       ||   227
       Fire dragon scale |       |       |       |       |   292 |   240 |   335 |    80 |    43 ||   990
       Ring mail         |       |       |       |       |    13 |   101 |    19 |   112 |       ||   245
       Storm dragon scal |       |       |       |       |       |       |       |    14 |       ||    14
       Acid dragon scale |       |       |       |       |       |       |       |     5 |   256 ||   261
Dodge: Dodged            |    48 |    17 |    83 |   146 |   337 |   387 |   486 |   424 |   836 ||  2764
Block: Other             |     6 |       |       |       |       |       |       |       |       ||     6
       Shield            |       |    60 |    14 |       |       |       |   558 |  1002 |   282 ||  1916
       Reflection        |       |     1 |    17 |    10 |    31 |   115 |   139 |    67 |    30 ||   410
       Large shield      |       |       |   381 |   768 |  1430 |  1470 |   800 |       |  1386 ||  6235
